 Dungeon Crawl Stone Soup version 0.28.0-62-gf88900778d (webtiles) character file.

Game seed: 8563636389023124026

352 cbfl8 the Skirmisher (level 6, -1/48 HPs)
             Began as a Demonspawn Fighter on Mar 21, 2024.
             Slain by Pikel
             ... wielding a +2 whip of electrocution
              (2 damage)
             ... on level 4 of the Dungeon.
             The game lasted 00:06:26 (5081 turns).

cbfl8 the Skirmisher (Demonspawn Fighter)           Turns: 5081, Time: 00:06:26

Health: -1/48      AC: 11    Str: 16    XL:     6   Next: 34%
Magic:  6/6        EV:  8    Int: 10    God:
Gold:   195        SH:  5    Dex: 14    Spells: 5/5 levels left

rFire   . . .      SeeInvis .   a - +0 war axe
rCold   . . .      Faith    .   c - +0 buckler
rNeg    . . .      Spirit   .   b - +0 scale mail
rPois   .          Reflect  .   g - +0 helmet
rElec   .          Harm     .   (no cloak)
rCorr   .          Rampage  .   f - +0 pair of gloves
Will    .....                   (no boots)
Stlth   ..........              (no amulet)
HPRegen 0.16/turn               (no ring)
MPRegen 0.10/turn               (no ring)

@: no status effects
A: claws 1, yellow scales 1, powered by death 1, demonic magic 1
a: no special abilities


You were on level 4 of the Dungeon.
You visited 1 branch of the dungeon, and saw 4 of its levels.

You collected 195 gold pieces.

Inventory:

Hand Weapons
 a - a +0 war axe (weapon)
Missiles
 k - 2 throwing nets (quivered)
Armour
 b - a +0 scale mail (worn)
 c - a +0 buckler (worn)
 f - a +0 pair of gloves (worn)
 g - a +0 helmet (worn)
Scrolls
 e - 4 scrolls of identify
 h - a scroll of enchant weapon
 i - a scroll of silence


   Skills:
 + Level 3.8 Fighting
 + Level 3.8 Axes
 + Level 3.7 Armour
 + Level 3.3 Shields
 * Level 2.5 Evocations


You had 5 spell levels left.
You didn't know any spells.
Your spell library contained the following spells:

 Spells                   Type           Power      Damage    Failure   Level
 Animate Skeleton         Necr           0%         N/A       86%         1
 Apportation              Tloc           0%         N/A       86%         1
 Summon Small Mammal      Summ           0%         N/A       86%         1


Dungeon Overview and Level Annotations

Branches:
Dungeon (4/15)
 Temple: D:4-7

Altars:
Fedhas
Sif Muna

Annotations:
D:4 Pikel


Innate Abilities, Weirdness & Mutations

You have sharp fingernails.
You are partially covered in yellow scales. (AC +2)
You regenerate a little health from kills.
Spells you cast may paralyse adjacent enemies.


Message History

You closely miss Pikel.
Pikel is heavily wounded.
You hit the lemure but do no damage. Pikel hits you but does no damage.
You block the lemure's attack.
You barely miss Pikel.
Pikel is heavily wounded.
You hit the lemure.
Pikel says, "You'll feel the lick of my whip!"
Pikel hits you with a +2 whip of electrocution.
The lemure hits you but does no damage.
Pikel hits you with a +2 whip of electrocution.
You closely miss Pikel.
Pikel is heavily wounded.
You barely miss the lemure. The lemure hits you but does no damage.
Pikel hits you with a +2 whip of electrocution.
The lemure barely misses you.
Unknown command.
You hit Pikel but do no damage.
Pikel is heavily wounded.
You slash the lemure!
Pikel hits you with a +2 whip of electrocution.
You block the lemure's attack.
You hit Pikel but do no damage.
Pikel is heavily wounded.
Pikel hits you with a +2 whip of electrocution!
Pikel hits you with a +2 whip of electrocution.
You closely miss Pikel.
Pikel is heavily wounded.
Pikel says, "You'll feel the lick of my whip!"
Pikel hits you with a +2 whip of electrocution.
You completely miss Pikel.
Pikel is heavily wounded.
Pikel hits you with a +2 whip of electrocution.
* * * LOW HITPOINT WARNING * * *
You are electrocuted!
* * * LOW HITPOINT WARNING * * *
You closely miss Pikel.
Pikel is heavily wounded.
Pikel hits you with a +2 whip of electrocution.
You die...

#.#########.......#........#.#
#g# ##.....########..#.#
#.###### ###...## #..#.#
#S..gS.# #.##.## #..#.#
######.# #.##.# #..#.# #.#
#.##.# #######....# ######g##
#.##.# #........#.#
.......S###.##5####.######..##
.#####........5K@...# #..# ##
######.######### #..# ..## #.#
###..# ..# #.############.#..#
## ..# #S#...........#...# #.
#.# #K5.....####.#.#..####. #)#
##.#.###.....#...#...)..
#.######.#..###.####.#.#..#####
#........5............#...#


You could see Pikel and 2 lemures.

Vanquished Creatures
  A necrophage (D:4)
  2 lemures
  Blork the orc (D:4)
  An iguana (D:4)
  A hound skeleton (D:4)
  Robin (D:3)
  4 adders
  2 worms (D:2)
  An orc (D:3)
  4 ball pythons
  6 bats
  5 endoplasms
  2 giant cockroaches (D:2)
  21 goblins
  6 hobgoblins
  5 jackals
  A kobold (D:1)
  2 quokkas
  A frilled lizard (D:3)
  7 rats
74 creatures vanquished.

Vanquished Creatures (collateral kills)
  A jelly (D:4)
1 creature vanquished.

Grand Total: 75 creatures vanquished

Notes
Turn   | Place    | Note
-------+----------+-------------------------------------------
     0 | D:1      | cbfl8 the Demonspawn Fighter began the quest for the Orb.
     0 | D:1      | Reached XP level 1. HP: 18/18 MP: 1/1
   273 | D:1      | Gained mutation: Spells you cast may paralyse adjacent
                  | enemies. [demonic ancestry]
   273 | D:1      | Reached XP level 2. HP: 24/24 MP: 2/2
   861 | D:2      | Found a faded altar of an unknown god.
   873 | D:2      | Reached XP level 3. HP: 28/29 MP: 3/3
   935 | D:2      | Reached skill level 1 in Evocations
  1906 | D:3      | Gained mutation: You have sharp fingernails. [demonic
                  | ancestry]
  1906 | D:3      | Reached XP level 4. HP: 35/35 MP: 4/4
  2149 | D:3      | Noticed Robin
  2162 | D:3      | Killed Robin
  2962 | D:4      | Gained mutation: You regenerate a little health from kills.
                  | [demonic ancestry]
  2962 | D:4      | Reached XP level 5. HP: 41/41 MP: 5/5
  3102 | D:4      | Noticed a lemure
  3102 | D:4      | Noticed a lemure
  3103 | D:4      | Noticed a lemure
  3104 | D:4      | Noticed a lemure
  3104 | D:4      | Noticed Pikel
  3236 | D:4      | Noticed a necrophage
  3257 | D:4      | Killed a necrophage
  3294 | D:4      | Noticed Blork the orc
  3308 | D:4      | Killed Blork the orc
  3309 | D:4      | Gained mutation: You are partially covered in yellow
                  | scales. (AC +2) [demonic ancestry]
  3309 | D:4      | Reached XP level 6. HP: 13/48 MP: 6/6
  3708 | D:4      | Found a shimmering blue altar of Sif Muna.
  4442 | D:4      | Found a blossoming altar of Fedhas.
  4641 | D:2      | HP: 1/48 [lemure[Pikel] (7)]
  5080 | D:4      | HP: 1/48 [Pikel/+2 whip of electrocution (13)]
  5081 | D:4      | Slain by Pikel

Illustrated notes

Levels and vault maps discovered:
D:1:      dpeg_arrival_rooms_a, layout_basic
D:2:      layout_basic, ebering_ecumenical_altar_hall, grunt_decor_junction
D:3:      kennysheep_goblin_castle, layout_basic
D:4:      layout_loops_ring, mainiacjoe_overflow_alcove_1, lemuel_round_altar,
          uniq_pikel, uniq_blork_the_orc

Skill      XL: |  1  2  3  4  5 |
---------------+----------------+-----
Axes           | 2 3 |  3.8
Armour         | 3 |  3.7
Shields        | 3 |  3.3
Evocations     | 1 2 |  2.5
Fighting       | |  3.8

Action                   |  1- 3 |  4- 6 || total
-------------------------+-------+-------++-------
Melee: War axe           |   109 |   140 ||   249
  Use: Potion            |     1 |     2 ||     3
       Scroll            |       |     5 ||     5
Armor: Scale mail        |    51 |    94 ||   145
Dodge: Dodged            |    64 |    64 ||   128
Block: Buckler           |    26 |    37 ||    63
